 Dungeon Crawl Stone Soup version 0.24-a0-475-g5b41c6f198 (webtiles) character file.

Game seed: 2081993061585961022

595 Inarius the Chopper (level 7, 0/78 HPs)
             Began as a Demonspawn Hunter on July 5, 2019.
             Slain by Duvessa
             ... wielding a +3 short sword of venom
              (9 damage)
             ... on level 4 of the Dungeon.
             The game lasted 00:06:49 (3808 turns).

Inarius the Chopper (Demonspawn Hunter)             Turns: 3808, Time: 00:06:50

Health: 0/78       AC: 23    Str: 14    XL:     7   Next: 16%
Magic:  0/7        EV:  2    Int: 12    God:
Gold:   266        SH:  3    Dex: 14    Spells: 6/6 levels left

rFire    . . .     SeeInvis .   b - +0 war axe
rCold    . . .     Gourm    .   j - +0 buckler
rNeg     + + +     Faith    .   (armour currently unavailable)
rPois    +         Spirit   +   (helmet currently unavailable)
rElec    .         Reflect  .   (cloak currently unavailable)
rCorr    .         Harm     .   (gloves currently unavailable)
MR       .....     NoTele   +   (boots currently unavailable)
Stlth    ++........             (no amulet)
HPRegen  0.23/turn              (no ring)
MPRegen  0.20/turn              (no ring)

@: lethally poisoned (0 -> -40), tree-form
A: magic shield, magic regeneration
a: no special abilities


You were on level 4 of the Dungeon.
You were not hungry.
You were a tree.
You visited 1 branch of the dungeon, and saw 4 of its levels.

You collected 266 gold pieces.

Inventory:

Hand Weapons
 b - a +0 war axe (weapon)
Missiles
 l - 4 javelins (quivered)
Armour
 c - a +0 chain mail (melded)
 j - a +0 buckler (worn)
 k - a +0 helmet (melded)
 q - a +1 cloak (melded)
Wands
 t - a wand of paralysis (8)
Scrolls
 a - 2 scrolls of identify
 d - a scroll of enchant weapon {unknown}
 g - 4 scrolls of teleportation
 i - a scroll of amnesia {unknown}
 p - 2 scrolls of remove curse {unknown}
 u - a scroll of blinking {unknown}
Potions
 e - a potion of agility
 h - a potion of lignification
 n - a potion of curing {unknown}
 o - a potion of mutation {unknown}
 r - a potion of flight {unknown}
Comestibles
 f - 6 rations


   Skills:
 + Level 3.4 Fighting
   Level 1.3 Short Blades
 * Level 4.8 Axes
 + Level 3.6 Throwing
 + Level 2.4 Armour
 + Level 2.8 Dodging
 - Level 0.8 Stealth
 + Level 0.4 Shields


You had 6 spell levels left.
You didn't know any spells.
Your spell library contained the following spells:

 Spells                   Type           Power        Failure   Level  Hunger
 Confusing Touch          Hex            #.....       45%         1    ##.....
 Corona                   Hex            #......      45%         1    ##.....
 Magic Dart               Conj           #...         45%         1    ##.....
 Ensorcelled Hibernation  Hex/Ice        #.....       61%         2    ###....
 Searing Ray              Conj           #.....       61%         2    ###....
 Confuse                  Hex            #.......     83%         3    ####...
 Dazzling Spray           Conj/Hex       #.....       83%         3    ####...
 Gell's Gravitas          Tloc           #.........   83%         3    ####...
 Tukima's Dance           Hex            #.......     83%         3    ####...
 Force Lance              Conj/Tloc      #.......     99%         4    #####..
 Fulminant Prism          Conj/Hex       #.........   99%         4    #####..
 Iskenderun's Mystic Bla  Conj           #.......     99%         4    #####..
 Petrify                  Tmut/Erth      #.......     99%         4    #####..
 Metabolic Englaciation   Hex/Ice        #.........   100%        5    ######.
 Yara's Violent Unravell  Hex/Tmut       #.........   100%        5    ######.


Dungeon Overview and Level Annotations

Branches:
Dungeon (4/15)
 Temple: D:4-7

Altars:
Ru

Shops:
D:4 !(?

Annotations:
D:4 Duvessa


Innate Abilities, Weirdness & Mutations

((You have large cloven feet.))
When hurt, damage is shared between your health and your magic reserves.
You regenerate magic rapidly.


Message History

You feel very sick. Duvessa hits you but does no damage.
You are more poisoned.
Duvessa hits you with a +3 short sword of venom.
* * * LOW HITPOINT WARNING * * *
Unknown command.
You hit Duvessa.
Duvessa is almost dead.
* * * LOW HITPOINT WARNING * * *
You feel very sick. Duvessa hits you but does no damage. x2
Unknown command.
Unknown command.
Unknown command.
You closely miss Duvessa.
Duvessa is almost dead.
* * * LOW HITPOINT WARNING * * *
You feel very sick.
Duvessa hits you with a +3 short sword of venom!
You die...

#..>.#....####........##
#.....####.........##
#.#........#......##
#.##...###.#.....# #.
#.#..#.........
..##.##.....>....
.#....#....#..... #.
##...#........ .
#.#..♣.......
#.....)e.......
....#......??..
<.#.........∩...
#...##.......?.. .#
#.......... ##.........
##........


You could see Duvessa (berserk).

Vanquished Creatures
  Sigmund (D:4)
  An ice beast (D:3)
  Blork the orc (D:4)
  Dowan (D:4)
  A hound (D:4)
  An orc wizard (D:2)
  A worker ant (D:4)
  4 adders
  A worm (D:4)
  5 dart slugs
  4 leopard geckos
  5 orcs
  4 giant cockroaches
  11 goblins
  10 hobgoblins
  9 jackals
  7 kobolds
  2 bats
  8 frilled lizards
  6 rats
83 creatures vanquished.

Notes
Turn   | Place    | Note
-------+----------+-------------------------------------------
     0 | D:1      | Inarius the Demonspawn Hunter began the quest for the Orb.
     0 | D:1      | Reached XP level 1. HP: 16/16 MP: 1/1
   123 | D:1      | Gained mutation: When hurt, damage is shared between your
                  | health and your magic reserves. [demonic ancestry]
   123 | D:1      | Reached XP level 2. HP: 10/23 MP: 2/2
  1056 | D:1      | Reached XP level 3. HP: 28/28 MP: 3/3
  1360 | D:1      | Reached skill level 1 in Short Blades
  1442 | D:1      | Reached skill level 1 in Armour
  1742 | D:2      | Reached XP level 4. HP: 27/34 MP: 2/4
  2114 | D:2      | Found a sacrificial altar of Ru.
  2240 | D:2      | Reached skill level 1 in Axes
  2873 | D:3      | Gained mutation: You have large cloven feet. [demonic
                  | ancestry]
  2873 | D:3      | Reached XP level 5. HP: 40/41 MP: 3/5
  2911 | D:3      | Noticed an ice beast
  2930 | D:3      | Killed an ice beast
  2930 | D:3      | Reached skill level 2 in Axes
  3111 | D:3      | Reached skill level 3 in Axes
  3450 | D:4      | Noticed Sigmund
  3473 | D:4      | Killed Sigmund
  3473 | D:4      | Reached skill level 4 in Axes
  3473 | D:4      | Reached XP level 6. HP: 36/47 MP: 4/6
  3528 | D:4      | Found Dihapt's Distillery.
  3561 | D:4      | Noticed Blork the orc
  3572 | D:4      | Killed Blork the orc
  3572 | D:4      | Gained mutation: You regenerate magic rapidly. [demonic
                  | ancestry]
  3572 | D:4      | Reached XP level 7. HP: 43/52 MP: 5/7
  3759 | D:4      | Found Omesaeru's Weapon Shoppe.
  3785 | D:4      | Found Vum Vumn's Magic Scroll Emporium.
  3786 | D:4      | Noticed Dowan
  3788 | D:4      | Noticed Duvessa
  3793 | D:4      | Killed Dowan
  3808 | D:4      | Slain by Duvessa

Levels and vault maps discovered:
D:1:      erik_arrival_cave_to_civilisation [erik_arrival_cave_to_hall],
          layout_loops_ring
D:2:      layout_basic, nicolae_ru_path_of_blood, minmay_misc_feat_plants
D:3:      corexii_shack_village, layout_basic
D:4:      layout_rooms, grunt_temple_overflow_diamond, serial_shops,
          nicolae_shop_statue_plus, nicolae_shop_crystal,
          nicolae_shop_behind_doors, shop_scrolls, uniq_blork_the_orc,
          uniq_duvessa, uniq_sigmund, uniq_ijyb

Skill      XL: |  1  2  3  4  5 |
---------------+----------------+-----
Dodging        | 2 |  2.8
Short Blades   | 1 |  1.3
Armour         | 1 2 |  2.4
Fighting       | 3 |  3.4
Axes           | 1 4 |  4.8
Throwing       | |  3.6
Stealth        | |  0.8
Shields        | |  0.4

Action                   |  1- 3 |  4- 6 |  7- 9 || total
-------------------------+-------+-------+-------++-------
Melee: Short sword       |   129 |       |       ||   129
       Hand axe          |     8 |    20 |       ||    28
       War axe           |       |   172 |    30 ||   202
       Kick              |       |    20 |    10 ||    30
Throw: Javelin           |     9 |    13 |       ||    22
       Throwing net      |     1 |     4 |       ||     5
  Use: Potion            |     2 |     1 |     3 ||     6
       Scroll            |       |       |     1 ||     1
 Stab: Sleeping          |     1 |       |       ||     1
       Held in net/web   |       |     1 |       ||     1
  Eat: Chunk             |     3 |     6 |     1 ||    10
Armor: Leather armour    |    44 |     6 |       ||    50
       Chain mail        |       |   134 |    12 ||   146
       Skin              |       |       |     7 ||     7
Dodge: Dodged            |    98 |    62 |     8 ||   168
Block: Buckler           |       |    31 |     3 ||    34

Table legend:
 A = Non-vault XP
 B = Vault XP
 C = Vault XP percentage of total XP
 D = Non-vault monster count
 E = Vault monster count
 F = Vault count percentage of total count
                 A         B        C        D         E       F
            +---------+---------+-------+---------+---------+-------
      Total |     426 |     424 |  49.9 |      66 |      17 |  20.5
            +---------+---------+-------+---------+---------+-------
        D:1 |      49 |       2 |   3.9 |      24 |       2 |   7.7
        D:2 |     100 |       0 |   0.0 |      18 |       0 |   0.0
        D:3 |     195 |      23 |  10.6 |      19 |      12 |  38.7
        D:4 |      82 |     399 |  83.0 |       5 |       3 |  37.5
            +---------+---------+-------+---------+---------+-------
